Map: Tourmaline LE

Players

SKelevra - Winner!

  • Race: Zerg Zerg
  • League: Diamond
  • Spawn Location: 1:00

HoldTheDoor

  • Race: Protoss Protoss
  • League: Diamond
  • Spawn Location: 7:00

VOD

Have the link to the VOD?

Description

Time

  • Played on: May 1, 2026, 12:46 p.m.
  • Length: 8:04
Show
View Real Time Build Order
Export as new Build Order

SKelevra Zerg - Winner!

Build Orders: Pool First 

Get SALT Encoding   

  12  0:01  Drone  
  13  0:08  Drone  
  14  0:17  Overlord  
  14  0:38  Drone x3  
  17  0:54  Drone  
  18  0:58  Spawning Pool  
  17  1:15  Hatchery  
  16  1:20  Overlord  
  16  1:25  Drone  
  17  1:47  Hatchery  
  17  1:54  Drone x3  
  17  1:57  Extractor  
  18  2:08  Zergling x2  
  19  2:16  Drone  
  21  2:33  Roach Warren  
  21  2:36  Hatchery  
  19  2:39  Drone x2  
  21  2:48  Queen  
  21  2:50  Drone  
  24  3:02  Drone x2  
  24  3:04  Queen  
  28  3:10  Zergling x2  
  30  3:12  Drone  
  30  3:21  Drone x2  
  32  3:35  Drone  
  32  3:36  Drone  
  34  3:50  Drone  
  34  3:51  Drone x2  
  34  3:52  Spore Crawler  
  34  3:55  Spore Crawler  
  35  3:56  Drone  
  35  4:00  Drone  
  35  4:02  Queen  
  39  4:08  Spore Crawler  
  39  4:09  Drone x4  
  42  4:23  Overlord  
  42  4:26  Overlord  
  42  4:28  Overlord  
  42  4:45  Drone x3  
  45  4:46  Drone x2, Extractor  
  45  4:47  Roach x4  
  54  4:57  Drone  
  55  5:00  Spine Crawler  
  55  5:01  Roach x2  
  59  5:07  Drone  
  59  5:11  Roach x2  
  63  5:25  Spore Crawler  
  61  5:29  Overlord x3  
  61  5:39  Overlord x2  
  61  5:44  Spine Crawler  
  60  5:51  Roach x2  
  60  5:52  Roach x7  
  60  5:53  Roach x2  
  82  6:00  Roach x5  
  92  6:15  Spore Crawler  
  91  6:18  Roach  
  91  6:19  Roach x2  
  91  6:21  Overlord  
  91  6:22  Zergling x6  
  98  6:32  Overlord x4  
  98  6:45  Roach x2  
  100  6:51  Extractor, Drone  
  100  7:06  Roach x3  
  100  7:07  Roach x3  
  88  7:19  Zergling x2  
  88  7:20  Roach  
  78  7:25  Roach  
  68  7:43  Roach x5  
  76  7:47  Ravager  
Show
View Real Time Build Order
Export as new Build Order

HoldTheDoor Protoss 

Build Orders:  

Get SALT Encoding   

  12  0:00  Probe  
  13  0:12  Probe  
  14  0:19  Pylon  
  14  0:24  Probe  
  15  0:33  Probe  
  15  0:39  Gateway  
  15  0:41  Probe  
  17  0:50  Assimilator  
  17  0:51  Probe  
  18  1:03  Probe  
  19  1:05  Pylon  
  19  1:15  Probe  
  20  1:18  Pylon  
  20  1:23  Zealot  
  22  1:33  Forge  
  22  1:35  Cybernetics Core  
  22  1:38  Probe  
  23  2:11  Photon Cannon  
  23  2:20  Nexus  
  23  2:26  Assimilator  
  23  2:45  Warp Gate  
  23  2:57  Protoss Ground Weapons Level 1  
  23  3:01  Pylon  
  23  3:12  Pylon  
  23  3:18  Photon Cannon  
  23  3:19  Probe  
  24  3:32  Probe  
  25  3:35  Probe, Robotics Facility  
  25  3:40  Pylon  
  26  3:42  Stalker  
  26  3:44  Probe  
  26  3:47  Probe  
  30  3:56  Probe  
  30  3:59  Probe  
  30  4:00  Robotics Facility  
  30  4:02  Gateway  
  32  4:04  Gateway  
  32  4:08  Probe  
  33  4:10  Pylon  
  33  4:11  Probe  
  34  4:20  Probe  
  34  4:23  Probe  
  38  4:25  Warp Prism  
  38  4:32  Probe  
  38  4:37  Probe  
  40  4:40  Gateway  
  40  4:50  Stalker  
  42  4:58  Gateway  
  42  5:01  Gateway  
  42  5:03  Gateway x2  
  42  5:11  Pylon  
  42  5:14  Pylon  
  42  5:19  Stalker  
  42  5:20  Stalker  
  44  5:32  Stalker  
  44  5:34  Stalker  
  48  5:44  Pylon  
  48  5:46  Pylon  
  48  5:49  Pylon  
  48  5:51  Zealot x2  
  48  5:56  Stalker x2  
  56  5:59  Zealot  
  56  6:01  Sentry  
  56  6:02  Zealot  
  62  6:08  Zealot  
  64  6:21  Zealot x4  
  72  6:27  Stalker  
  72  6:29  Stalker  
  76  6:35  Stalker  
  78  6:45  Stalker x2  
  82  6:56  Zealot x3  
  88  7:07  Stalker x2  
  74  7:12  Zealot  
  74  7:13  Zealot  
  68  7:18  Zealot  
  68  7:19  Zealot  
  58  7:24  Stalker  
  50  7:35  Stalker x2  
  48  7:41  Stalker  
  48  7:43  Stalker  
Tags
 
Matchup
PvZ
Opening
Pool First
Replay Pack
SC2Mai2026
Spawn Locations
Cross Positions
Add a new tag
Caveats
  • Supply blocks, unpowered buildings, or Contaminate may cause inaccurate times.
  • Supply counts are checked every 10 seconds.